 Dungeon Crawl Stone Soup version 0.30-a0-1082-g70414cbcbb (webtiles) character file.

Game seed: 3019952679641218860

117 Gynju the Vexing (level 5, 0/37 HPs)
             Began as a Barachi Hexslinger on Apr 15, 2023.
             Slain by an iguana (9 damage)
             ... on level 3 of the Dungeon.
             The game lasted 00:04:43 (1711 turns).

Gynju the Vexing (Barachi Hexslinger)               Turns: 1711, Time: 00:04:44

Health: 0/37       AC:  5    Str: 12    XL:     5   Next: 1%
Magic:  9/9        EV: 12    Int: 13    God:
Gold:   98         SH:  0    Dex: 14    Spells: 5/9 levels left

rFire   . . .      SeeInvis .    a - +1 sling
rCold   . . .      Faith    .    (no shield)
rNeg    . . .      Spirit   .    c - +0 robe
rPois   .          Reflect  .    g - +2 helmet
rElec   .          Rampage  .    (no cloak)
rCorr   .                        (no gloves)
Will    .....                    (no boots)
Stlth   +                        (no amulet)
HPRegen 0.26/turn                (no ring)
MPRegen 0.11/turn                (no ring)

@: slow
A: amphibious, slowness 1, strong legs 1, +LOS
a: Hop


You were on level 3 of the Dungeon.
You visited 1 branch of the dungeon, and saw 3 of its levels.

You collected 98 gold pieces.

Inventory:

Hand Weapons
 a - a +1 sling (weapon)
Armour
 c - a +0 robe (worn)
 g - a +2 helmet (worn)
Jewellery
 d - a +6 ring of strength
Scrolls
 b - a scroll of poison
 e - a scroll of noise
 j - a scroll of teleportation {unknown}
 k - a scroll of identify {unknown}
Potions
 f - a potion of might {unknown}
 h - a potion of invisibility {unknown}
 i - a potion of curing {@q1}


   Skills:
 - Level 1.2 Fighting
 + Level 3.2 Ranged Weapons
 - Level 2.1 Dodging
 + Level 2.7 Spellcasting
 + Level 4.4 Hexes
 + Level 0.0 Translocations


You had 5 spell levels left.
You knew the following spells:

 Your Spells              Type           Power      Damage    Failure   Level
a - Slow                  Hex            52%        N/A       3%          1
b - Portal Projectile     Hex/Tloc       14%        N/A       28%         3

Your spell library contained the following spells:

 Spells                   Type           Power      Damage    Failure   Level
 Magic Dart               Conj           4%         1d3       24%         1
 Inner Flame              Hex/Fire       7%         N/A       28%         3
 Call Imp                 Summ           2%         N/A       34%         2
 Cause Fear               Hex            6%         N/A       36%         4
 Gell's Gravitas          Tloc           1%         N/A       56%         3
 Mephitic Cloud           Conj/Pois/Air  1%         N/A       56%         3
 Teleport Other           Tloc           1%         N/A       56%         3
 Manifold Assault         Tloc           1%         N/A       93%         4
 Dispersal                Tloc           0%         N/A       100%        6
 Disjunction              Tloc           0%         N/A       100%        8


Dungeon Overview and Level Annotations

Branches:
Dungeon (3/15)

Altars:
Sif Muna

Shops:
D:1 *!   D:2 =


Innate Abilities, Weirdness & Mutations

You are amphibious.
You cover ground slowly.
You can hop short distances.
You have an extended range of vision and can be seen from far away.


Message History

The sling bullet hits the gnoll.
The gnoll is heavily wounded.
The gnoll closely misses you. The gnoll barely misses you.
You shoot a sling bullet. The sling bullet hits the gnoll.
The gnoll is severely wounded.
The gnoll hits you with a +0 flail!
You are too injured to fight recklessly!
You are too injured to fight recklessly!
You are too injured to fight recklessly!
You are too injured to fight recklessly!
You are too injured to fight recklessly!
You are too injured to fight recklessly!
You are too injured to fight recklessly!
You are too injured to fight recklessly!
You are too injured to fight recklessly!
You are too injured to fight recklessly!
You are too injured to fight recklessly!
You are too injured to fight recklessly!
You are too injured to fight recklessly!
You are too injured to fight recklessly!
You are too injured to fight recklessly!
You are too injured to fight recklessly!
You are too injured to fight recklessly!
You are too injured to fight recklessly!
You are too injured to fight recklessly!
You are too injured to fight recklessly!
You are too injured to fight recklessly!
You are too injured to fight recklessly!
The gnoll misses you. The gnoll hits you with a +0 flail.
The gnoll throws a throwing net.
The throwing net hits you.
You become entangled in the net!
You see here a throwing net.
You struggle against the net.
The gnoll barely misses you. x2
You struggle against the net.
The gnoll closely misses you. The iguana bites you!
* * * LOW HITPOINT WARNING * * *
The gnoll hits you with a +0 flail.
* * * LOW HITPOINT WARNING * * *
You shred the net and break free! The iguana bites you!
You die...

....... .. ... .......
..... ......#.#..
.?......... # #.#.......
.### ###.#...... .....
..........# ...... ...
#......#l##....... ..###
#......@gg........
....###..#..##g##.......
###.#.#..........(........
...#.#.#.#.......###.......
#.#.#.#...................
.#......##.......###.......
.#.##...........## .....
.................# ...
.#.###..##..#........ ..


You could see an iguana and 3 gnolls.

Vanquished Creatures
  A hound (D:3)
  5 adders (D:2)
  A worm (D:2)
  3 ball pythons
  6 endoplasms
  A giant cockroach (D:2)
  4 goblins
  5 hobgoblins
  3 kobolds
  A quokka (D:1)
  4 bats (D:1)
  4 frilled lizards
  3 rats
41 creatures vanquished.

Notes
Turn   | Place    | Note
-------+----------+-------------------------------------------
     0 | D:1      | Gynju the Barachi Hexslinger began the quest for the Orb.
     0 | D:1      | Reached XP level 1. HP: 15/15 MP: 2/2
   122 | D:1      | Reached XP level 2. HP: 21/21 MP: 2/4
   251 | D:1      | Found Penetanocs's Distillery.
   348 | D:1      | Found Izungoq's General Store.
   607 | D:2      | Reached XP level 3. HP: 20/26 MP: 5/5
   678 | D:2      | Found Piyzir's Jewellery Shoppe.
   833 | D:2      | Reached skill level 4 in Hexes
   925 | D:2      | Reached XP level 4. HP: 32/32 MP: 7/7
  1640 | D:3      | Learned a level 3 spell: Portal Projectile
  1643 | D:3      | Found a shimmering blue altar of Sif Muna.
  1667 | D:3      | Reached XP level 5. HP: 37/37 MP: 9/9
  1711 | D:3      | Slain by an iguana

Illustrated notes

Levels and vault maps discovered:
D:1:      minmay_arrival_semitransparent, layout_basic, serial_shops, shop,
          nicolae_shop_industrial_runoff
D:2:      layout_basic, serial_shops, shop
D:3:      layout_basic, mainiacjoe_overflow_brackets

Skill      XL: |  1  2  3  4 |
---------------+-------------+-----
Spellcasting   | 2 |  2.7
Hexes          | 4 |  4.4
Ranged Weapons | 3 |  3.2
Fighting       | |  1.2
Dodging        | |  2.1

Action                     |  1- 3 |  4- 6 || total
---------------------------+-------+-------++-------
   Fire: Sling             |    94 |    70 ||   164
   Cast: Slow              |     4 |     4 ||     8
    Use: Scroll            |       |     1 ||     1
         Potion            |       |     1 ||     1
 Armour: Robe              |    15 |    10 ||    25
  Dodge: Dodged            |    28 |    35 ||    63

Table legend: (Time is in decaauts)
 A = Elapsed time spent in this place.
 B = Non-inter-level travel time spent in this place.
 C = Inter-level travel time spent in this place.
 D = Time resting spent in this place.
 E = Time spent auto-exploring this place.
 F = Levels seen in this place.
 G = Mean time per level.
                   A        B        C        D        E       F      G
               +--------+--------+--------+--------+--------+-----+--------+
         Total |   2024 |   1990 |     34 |      0 |   1623 |   3 |  674.7 |
       Dungeon |   2024 |   1990 |     34 |      0 |   1623 |   3 |  674.7 |
               +--------+--------+--------+--------+--------+-----+--------+

Top non-repeatable levels by time:
     D:2: 1168 daAuts
     D:1: 702 daAuts
     D:3: 153 daAuts
